woodfighter, chaotic female elven Priestess --- Bd B ^ GG u.a- --GG. |.a. -.. ... woodfighter the Adept Experience level: 8 Strength: 14 Dexterity: 13 Constitution: 17 Intelligence: 18 Wisdom: 8 Charisma: 12 Health: 0(63) Energy: 74(74) Def: 11 Gold: 0 Moves: 8145 Dungeon seed: sz7Kd4aEx3yvKQRn Game ID: woodfighter_1534279254 Your Inventory: Weapons a - a blessed corroded +1 mace (weapon in hand) w - a +0 elven spear (in quiver) Armor e - a +0 robe (being worn) n - a +0 small shield (being worn) r - a +0 dwarvish cloak y - a +0 pair of elven boots (being worn) z - a +0 orcish helm (being worn) N - a +0 dwarvish cloak P - a +0 dwarvish mithril-coat (being worn) Comestibles c - 3 cloves of garlic d - a sprig of wolfsbane G - 5 food rations I - a tripe ration Z - 2 lizard corpses Rings V - a ring of shock resistance (on left hand) Wands v - a wand of enlightenment (0:10) K - a wand of digging (0:6) Tools g - a bag of tricks (0:3) s - a bag of holding W - a towel Gems q - a flint Q - a touchstone Contents of the bag of holding: 12 gold pieces a scroll of fire Spells and supernatural/magical abilities: Name Level Category Fail Memory n - detect monsters 1 divination 67% 60% p - protection 1 clerical 67% 60% z - sleep 2 enchantment 96% 72% B - cure blindness 2 healing 88% 60% W - pray for help -- divine ? -- X - turn undead -- divine ? -- Your skills at the end: Miscellaneous Skills shield [Basic] wands [Basic] Weapon Skills mace [Skilled] Spellcasting Skills clerical spells [Basic] Final Attributes: You were piously aligned. You were fire resistant. You were sleep resistant. You were shock resistant. You were poison resistant. Your writing hand was ok. You had infravision. You were invisible. You were very stealthy. You are dead. Vanquished creatures: a giant mimic a giant beetle 2 lizards a gnome king a dog a dingo a dust vortex 2 fire ants a bugbear 11 Mordor orcs 5 Uruk-hai 2 ponies a fog cloud 2 shriekers 7 gnome lords 2 gnomish wizards 2 guardian naga hatchlings 2 elf zombies a paper golem 2 giant ants a floating eye 9 dwarves a quasit 4 kobold lords a kobold shaman an iguana 3 rothes 2 jitterbugs a giant bat 3 orc zombies a dwarf zombie 2 wererats 3 gas spores 6 hobbits 8 acid blobs 2 large kobolds 7 geckos a hobgoblin 2 giant rats 2 cave spiders a brown mold 3 yellow molds 2 red molds 32 gnomes 9 manes 2 gnome zombies 11 jackals 6 foxes 4 kobolds 14 newts 5 goblins 5 sewer rats 14 grid bugs a bat 9 lichens 226 creatures vanquished. Voluntary challenges: You did not have reflection. You were not displaced. You were an atheist. You used a wielded weapon 306 times, starting on turn 136. You did not apply a unicorn horn. You did not use plumbed fixtures. You did not drink any magical draughts. You read items or engraved 3 times, starting on turn 1760. You never genocided any monsters. You never polymorphed an object. You never changed form. You completed Sokoban on turn 5647, according to the rules. You used no wishes. You never split a pudding. You never wrote Elbereth's name. You never violated your personal moral code. Dungeon overview: The Dungeons of Doom: levels 1 to 7 Level 1 an altar to Lugh, a fountain, a sink a long staircase Level 2 stairs to The Gnomish Mines Level 3 some fountains, a sink Level 4 a fountain Level 5 some fountains Level 6 many fountains Level 7 stairs to Sokoban The Gnomish Mines: levels 3 to 8 Level 3 stairs to The Dungeons of Doom Level 4 Level 5 many shops, a temple to Lugh, a magic chest, some fountains, some trees Level 6 Level 8 <- You were here Sokoban: levels 3 to 6 Level 3 a magic chest Level 4 Level 5 Level 6 a magic chest stairs to The Dungeons of Doom History has recorded: On T:1 you entered the Dungeons of Doom to retrieve the Amulet of Yendor! On T:233 you reached level 2 of The Dungeons of Doom. On T:687 you advanced to experience level 2. On T:757 you reached level 1 of The Gnomish Mines. On T:821 you reached level 3 of The Dungeons of Doom. On T:902 you advanced to experience level 3. On T:996 you reached level 4 of The Dungeons of Doom. On T:1346 you reached level 5 of The Dungeons of Doom. On T:1618 you advanced to experience level 4. On T:1683 you reached level 6 of The Dungeons of Doom. On T:2068 you reached level 7 of The Dungeons of Doom. On T:2102 you advanced to experience level 5. On T:2383 you reached level 4 of Sokoban. On T:2430 you opened a magic chest. On T:2886 you reached level 3 of Sokoban. On T:3559 you reached level 2 of Sokoban. On T:3669 you advanced to experience level 6. On T:4270 you reached level 1 of Sokoban. On T:5647 you advanced to experience level 7. On T:5647 you entered the Sokoban zoo. On T:6473 you reached level 2 of The Gnomish Mines. On T:6904 you reached level 3 of The Gnomish Mines. On T:7560 you entered the Minetown temple On T:7770 you reached level 4 of The Gnomish Mines. On T:7952 you advanced to experience level 8. On T:8130 you reached level 6 of The Gnomish Mines. Score breakdown: Gold: 12 ( 1 points) Experience: 8 levels ( 700 points) Exploration: 8 levels ( 210 points) Discoveries: 18 items ( 900 points) Variety of kills: 55 monsters ( 2000 points) Major goal: finished Sokoban ( 1000 points) Survival: died (score multiplied by 3) Total score: 14433 Latest messages: The horse just misses! You hit the fire ant. The fire ant misses. (2x) You feel more confident in your fighting skills. The horse kicks! The horse misses. The gnome lord zaps a wand of striking! The wand hits you! The fire ant misses. (2x) The horse kicks! The horse bites! You hit the fire ant! The fire ant bites! (2x) The horse misses. (2x) You feel self-knowledgeable... The feeling subsides. You write in the dust with a wand of enlightenment. The wand of enlightenment glows, then fades. The fire ant bites! (2x) The horse misses. (2x) The gnome lord zaps a wand of striking! The wand hits you! Elf, all your powers will be lost... The fire ant bites! You die... Final status: Goodbye woodfighter the Priestess, killed by a fire ant... You died in The Gnomish Mines on dungeon level 8 with 14433 points, and 12 pieces of gold, after 8145 moves. You were level 8 with a maximum of 63 hit points when you died.